 Dungeon Crawl Stone Soup version 0.16-a0-3219-g20c30b8 (webtiles) character file.

168 Chiseanne the Magician (level 5, 0/35 HPs)
             Began as a Demonspawn Wizard on Dec 21, 2014.
             Slain by Grinder (2 damage)
             ... on level 3 of the Dungeon.
             The game lasted 00:07:55 (3479 turns).

Chiseanne the Magician (Demonspawn Wizard)          Turns: 3479, Time: 00:07:55

Health: 0/35       AC:  2    Str:  7    XL:     5   Next: 23%
Magic:  4/15       EV: 12    Int: 21    God:
Gold:   163        SH:  0    Dex: 11    Spells: 4 memorised, 5 levels left

rFire  . . .     SeeInvis .     h - +1 flail
rCold  . . .     Clarity  .     a - +0 robe
rNeg   . . .     SustAb   .     (no shield)
rPois  .         Gourm    .     b - +0 hat
rElec  .         Spirit   .     (no cloak)
rCorr  .         Warding  .     (no gloves)
rMut   .         Stasis   .     (no boots)
MR     .....                    (no amulet)
Stlth  ++........               (no ring)
                                (no ring)

@: repel missiles, not resistant to hostile enchantments, unstealthy
A: claws 1, demonic guardian 1
a: no special abilities


You were on level 3 of the Dungeon.
You were not hungry.

You visited 1 branch of the dungeon, and saw 3 of its levels.

You collected 163 gold pieces.

Inventory:

Hand weapons
 h - a +1 flail (weapon)
 k - a +1 short sword of electrocution
Armour
 a - a +0 robe (worn)
 b - a +0 hat (worn)
Scrolls
 e - a scroll of fog
 m - a scroll of identify
Potions
 g - 2 potions of ambrosia {unknown}
 i - a potion of might {unknown}
 j - 2 potions of agility {unknown}
 l - a potion of curing
 p - 3 potions of magic {unknown}
Books
 c - a book of Minor Magic

   Spells                             Type                      Level
   a - Magic Dart                     Conjuration                  1
   b - Blink                          Translocation                2
   c - Call Imp                       Summoning                    2
   d - Repel Missiles                 Charms/Air                   2
   e - Slow                           Hexes                        2
   f - Conjure Flame                  Conjuration/Fire             3
   g - Mephitic Cloud                 Conjuration/Poison/Air       3
Comestibles
 d - 3 bread rations
 f - a slice of pizza
 o - 3 fruits


   Skills:
 - Level 1.7 Dodging
 - Level 1.7 Stealth
 * Level 5.0 Spellcasting
 * Level 2.7 Conjurations
   Level 1.0 Summonings
   Level 0.8 Translocations


You had 5 spell levels left.
You knew the following spells:

 Your Spells              Type           Power        Failure   Level  Hunger
a - Magic Dart            Conj           ###.         3%          1    None
b - Repel Missiles        Chrm/Air       #.....       17%         2    None
c - Conjure Flame         Conj/Fire      ##......     21%         3    ##.....
d - Mephitic Cloud        Conj/Pois/Air  #.......     24%         3    ##.....


Dungeon Overview and Level Annotations

Branches:
Dungeon (3/15)

Altars:
Dithmenos
Gozag
Kikubaaqudgha
Yredelemnul
The Shining One

Annotations:
D:3 Grinder; runewalsh's ghost, average OpIE


Innate Abilities, Weirdness & Mutations

You have sharp fingernails.
A weak demonic guardian rushes to your aid.


Message History

Casting: Magic Dart
Confirm with . or Enter, or press ? or * to list all spells.
Aiming: Magic Dart
Press: ? - help, Shift-Dir - straight line, f/p - Grinder
Aim: Grinder, carrying a wand of polymorph {zapped: 7} (heavily wounded)
The magic dart hits Grinder.
Grinder is heavily wounded.
Grinder hits you.
You writhe in agony.
Your white imp hits Grinder.
Your white imp freezes Grinder.
Grinder resists.
Casting: Magic Dart
Confirm with . or Enter, or press ? or * to list all spells.
Aiming: Magic Dart
Press: ? - help, Shift-Dir - straight line, f/p - Grinder
Aim: Grinder, carrying a wand of polymorph {zapped: 7} (severely wounded)
The magic dart hits Grinder.
Grinder is severely wounded.
Grinder hits you!
* * * LOW HITPOINT WARNING * * *
You writhe in agony.
You die...

. § .. #.# § _§ .# ...###. .#
## .# ..##.# §. ### #.###.#
..##.##§# ...#.#...# #.##.#..
#.#.....# #.##.#.#
#.#.......### #.##.#.##
#.......@...# #........
#.####.55...# #....#.##
######.....)....#####..).#.##
#.......###'#'###.....#..#...
#...P.P.###.#.# #.###.#..#..#
#...._......#.# #............
#...P.P..####'###'###......#.
#.......## #.......##...#..#.
#####.#.####.......#.......#'


You could see Grinder and a friendly white imp.

Vanquished Creatures
  Jessica (D:3)
  6 adders (D:2)
  A gnoll (D:1)
  2 worms
  An orc (D:3)
  5 giant cockroaches
  3 goblins
  4 hobgoblins
  7 jackals
  4 kobolds
  A quokka (D:3)
  7 bats
  4 giant geckos
  2 giant newts (D:1)
  7 rats
55 creatures vanquished.

Vanquished Creatures (collateral kills)
  4 gnolls (D:2)
  A hobgoblin (D:3)
  A jackal (D:3)
6 creatures vanquished.

Vanquished Creatures (others)
  A human (D:2)
  2 quasits
  An iron imp (D:2)
  A shadow imp (D:3)
5 creatures vanquished.

Grand Total: 66 creatures vanquished

Notes
Turn   | Place    | Note
--------------------------------------------------------------
     0 | D:1      | Chiseanne, the Demonspawn Wizard, began the quest for the Orb.
     0 | D:1      | Reached XP level 1. HP: 13/13 MP: 4/4
   471 | D:1      | Gained mutation: You have sharp fingernails. [demonic ancestry]
   471 | D:1      | Reached XP level 2. HP: 19/19 MP: 0/6
  1181 | D:2      | Reached skill level 4 in Spellcasting
  1181 | D:2      | Reached XP level 3. HP: 16/24 MP: 3/9
  1781 | D:2      | Found an opulent altar of Gozag.
  1789 | D:2      | Gained mutation: A weak demonic guardian rushes to your aid. [demonic ancestry]
  1789 | D:2      | Reached XP level 4. HP: 30/30 MP: 7/11
  1879 | D:2      | Found an ancient bone altar of Kikubaaqudgha.
  2200 | D:2      | Noticed a human
  2201 | D:2      | Killed a human
  2691 | D:3      | Noticed runewalsh's ghost (average OpIE)
  2749 | D:2      | Found a glowing golden altar of the Shining One.
  2819 | D:2      | Learned a level 2 spell: Repel Missiles
  2824 | D:2      | Learned a level 3 spell: Conjure Flame
  2828 | D:2      | Learned a level 3 spell: Mephitic Cloud
  2895 | D:2      | Reached XP level 5. HP: 35/35 MP: 11/14
  3292 | D:3      | Found a shadowy altar of Dithmenos.
  3364 | D:3      | Noticed Jessica
  3370 | D:3      | Killed Jessica
  3370 | D:3      | Reached skill level 5 in Spellcasting
  3432 | D:3      | Found a basalt altar of Yredelemnul.
  3449 | D:3      | Noticed Grinder
  3479 | D:3      | Slain by Grinder

Action                   |  1- 3 |  4- 6 || total
-------------------------+-------+-------++-------
Melee: Flail             |    12 |    31 ||    43
       Unarmed           |     1 |       ||     1
 Cast: Magic Dart        |    69 |    70 ||   139
       Repel Missiles    |       |     1 ||     1
       Conjure Flame     |       |     1 ||     1
       Mephitic Cloud    |       |     1 ||     1
  Use: Scroll            |     5 |     1 ||     6
       Potion            |     1 |       ||     1
  Eat: Chunk             |     2 |     6 ||     8
